Map: Ruins of Endion

Players

Robert - Winner!

  • Race: Terran Terran
  • League: Grandmaster

Miszu

  • Race: Terran Terran
  • League: Grandmaster

VOD

Have the link to the VOD?

Description

Time

  • Played on: May 19, 2016, 12:16 p.m.
  • Length: 4:54
Show
View Real Time Build Order
Export as new Build Order

Robert Terran - Winner!

Build Orders: Liberator Opening, Reaper Expand 

Get SALT Encoding   

  12  0:00  SCV  
  13  0:12  SCV  
  14  0:17  Supply Depot  
  14  0:24  SCV  
  15  0:39  SCV  
  15  0:40  Barracks  
  16  0:44  Refinery  
  16  0:51  SCV  
  17  1:03  SCV  
  18  1:15  SCV  
  19  1:27  Reaper, Orbital Command  
  20  1:42  Command Center  
  20  1:51  Refinery  
  20  1:53  SCV  
  21  1:59  Barracks Reactor  
  21  2:03  Supply Depot  
  21  2:06  SCV  
  22  2:18  SCV  
  22  2:19  Factory  
  23  2:30  SCV  
  23  2:35  Reaper  
  23  2:36  Reaper  
  26  2:43  SCV  
  27  2:55  SCV  
  28  2:59  Orbital Command  
  28  3:04  Starport, Hellion  
  30  3:09  SCV  
  31  3:14  Reaper x2  
  33  3:21  Supply Depot, SCV  
  33  3:24  Liberator  
  33  3:25  Hellion  
  36  3:27  SCV  
  36  3:33  SCV  
  38  3:43  SCV  
  42  3:49  Hellion  
  42  3:57  SCV  
  42  3:59  SCV  
  42  4:01  Reaper x2  
  46  4:05  Supply Depot  
  46  4:09  SCV  
  46  4:11  SCV  
  47  4:18  Engineering Bay  
  47  4:21  SCV  
  50  4:32  SCV  
  50  4:33  SCV  
  52  4:41  Factory Tech Lab  
  52  4:44  Missile Turret  
  55  4:46  Missile Turret  
  55  4:50  Missile Turret  
Show
View Real Time Build Order
Export as new Build Order

Miszu Terran 

Build Orders: 1/1/1 

Get SALT Encoding   

  12  0:01  SCV  
  13  0:13  SCV  
  14  0:18  Supply Depot  
  14  0:25  SCV  
  15  0:30  Refinery  
  15  0:39  SCV  
  16  0:45  Barracks  
  16  0:52  SCV  
  17  1:04  SCV  
  18  1:09  Refinery  
  18  1:16  SCV  
  20  1:35  Factory  
  20  1:36  Orbital Command  
  19  1:42  Reaper  
  20  1:55  Supply Depot  
  20  2:02  SCV  
  21  2:14  Reaper  
  21  2:15  SCV  
  23  2:20  Starport  
  23  2:22  Hellion  
  25  2:25  Supply Depot  
  25  2:27  SCV  
  26  2:39  SCV  
  27  2:48  Hellion, Reaper  
  31  2:51  SCV  
  31  2:52  Supply Depot  
  31  2:56  Medivac  
  33  3:15  Hellion, SCV  
  36  3:27  Barracks Reactor  
  36  3:31  Starport Tech Lab  
  36  3:34  Command Center  
  38  3:41  Factory Tech Lab  
  38  3:46  Supply Depot  
  34  4:00  SCV  
  35  4:04  Marine x2  
  35  4:05  Siege Tank, Banshee  
  43  4:16  SCV  
  44  4:17  Supply Depot  
  44  4:28  Marine x2  
  46  4:32  SCV  
Tags
 
Add a new tag
Caveats
  • Supply blocks, unpowered buildings, or Contaminate may cause inaccurate times.
  • Supply counts are checked every 10 seconds.